 Dungeon Crawl Stone Soup version 0.17.1-2-g5865329 (webtiles) character file.

291 PossumBlood the Archer (level 6, 0/39 HPs)
             Began as a High Elf Hunter on Jan 25, 2016.
             Slain by schorsch312's ghost (4 damage)
             ... on level 4 of the Dungeon.
             The game lasted 00:12:59 (2805 turns).

PossumBlood the Archer (High Elf Hunter)            Turns: 2805, Time: 00:12:59

Health: 0/39       AC:  3    Str: 16    XL:     6   Next: 10%
Magic:  7/7        EV: 12    Int: 19    God:
Gold:   122        SH:  0    Dex: 19    Spells: 0 memorised, 5 levels left

rFire  + . .     SeeInvis .     a - +2 shortbow
rCold  x . .     Clarity  .     c - +0 leather armour
rNeg   . . .     SustAt   .     (shield currently unavailable)
rPois  .         Gourm    .     (no helmet)
rElec  .         Spirit   .     (no cloak)
rCorr  .         Warding  .     (no gloves)
rMut   .         Stasis   .     (no boots)
MR     .....                    (no amulet)
Stlth  ++........               (no ring)
                                k - ring of fire

@: mighty, brilliant, not resistant to hostile enchantments, unstealthy
A: no striking features
a: no special abilities


You were on level 4 of the Dungeon.
You were not hungry.

You visited 1 branch of the dungeon, and saw 4 of its levels.

You collected 122 gold pieces.

Inventory:

Hand Weapons
 a - a +2 shortbow (weapon)
 b - a +0 short sword
Missiles
 m - 15 arrows of frost
 u - an arrow (quivered)
Armour
 c - a +0 leather armour (worn)
Jewellery
 k - a ring of fire (left hand)
Wands
 r - a wand of random effects (22)
Scrolls
 d - a scroll of recharging
 p - 3 scrolls of noise
 s - 2 scrolls of magic mapping
 t - 2 scrolls of identify
Potions
 g - 2 potions of might
Comestibles
 e - 2 bread rations
 j - 4 slices of pizza


   Skills:
 - Level 2.0 Fighting
 * Level 9.7 Bows
 - Level 2.1 Dodging
 - Level 1.1 Stealth


You had 5 spell levels left.
You didn't know any spells.

Dungeon Overview and Level Annotations

Branches:
Dungeon (4/15)
 Temple: D:4-7

Altars:
Dithmenos
Nemelex Xobeh
Yredelemnul

Annotations:
D:4 schorsch312's ghost, novice DDFi


Message History

Schorsch312's ghost is lightly damaged.
Firing (i - inventory. (,) - cycle):
u - 2 arrows (quivered)
Press: ? - help, Shift-Dir - straight line, f/p - schorsch312's ghost
Aim: schorsch312's ghost (lightly damaged)
You shoot an arrow.
The arrow barely misses schorsch312's ghost.
Schorsch312's ghost hits you!
* * * LOW HITPOINT WARNING * * *
You are too injured to fight recklessly!
You are too injured to fight recklessly!
You are too injured to fight recklessly!
You are too injured to fight recklessly!
You are too injured to fight recklessly!
You are too injured to fight recklessly!
You are too injured to fight recklessly!
You are too injured to fight recklessly!
You are too injured to fight recklessly!
You are too injured to fight recklessly!
Schorsch312's ghost hits you.
You die...

###( ##.(.
######....
##.?..W....
##..........
#........... ######
#......)).##
#.W((###<........#
#.@.(.(.รทรท.......#
#......#.........#
#....####.......##
#....# #.........#
###### #.........#
#.........#
#.........#
#.........#
##.......##


You could see schorsch312's ghost.

Vanquished Creatures
  Duvessa (D:4)
  Dowan (D:4)
  A hound skeleton (D:4)
  3 adders (D:2)
  3 oozes
  An adder skeleton (D:3)
  2 worms
  An orc (D:3)
  9 goblins
  12 hobgoblins
  10 jackals
  5 kobolds
  2 ball pythons
  9 bats
  3 giant cockroaches
  2 giant newts
  7 rats
  A spectral orc (D:2)
73 creatures vanquished.

Notes
Turn   | Place    | Note
--------------------------------------------------------------
     0 | D:1      | PossumBlood the High Elf Hunter began the quest for the Orb.
     0 | D:1      | Reached XP level 1. HP: 14/14 MP: 2/2
    80 | D:1      | Reached XP level 2. HP: 19/19 MP: 3/3
   110 | D:1      | Reached skill level 6 in Bows
   438 | D:1      | Reached XP level 3. HP: 24/24 MP: 4/4
   671 | D:2      | Found a basalt altar of Yredelemnul.
   860 | D:2      | Reached skill level 7 in Bows
   944 | D:2      | Reached XP level 4. HP: 29/29 MP: 5/5
  1253 | D:2      | Found a sparkling altar of Nemelex Xobeh.
  1544 | D:2      | Found a shadowy altar of Dithmenos.
  2137 | D:3      | Reached skill level 8 in Bows
  2414 | D:4      | Noticed Dowan
  2416 | D:4      | Noticed Duvessa
  2449 | D:4      | Killed Duvessa
  2449 | D:4      | Reached skill level 9 in Bows
  2449 | D:4      | Reached XP level 5. HP: 23/34 MP: 6/6
  2453 | D:4      | Killed Dowan
  2453 | D:4      | Reached XP level 6. HP: 19/39 MP: 7/7
  2674 | D:4      | Noticed schorsch312's ghost (novice DDFi)
  2805 | D:4      | Slain by schorsch312's ghost

Action                   |  1- 3 |  4- 6 || total
-------------------------+-------+-------++-------
Melee: Short sword       |     6 |    11 ||    17
 Fire: Shortbow          |   118 |   118 ||   236
  Use: Scroll            |       |    15 ||    15
       Potion            |       |     6 ||     6
  Eat: Fruit             |       |     3 ||     3
       Royal jelly       |       |     1 ||     1
       Beef jerky        |       |     1 ||     1
